 Dungeon Crawl Stone Soup version 0.30.1-11-g7821555f0a (webtiles) character file.

Game seed: 223088654553142247

73 Martska the Trooper (level 4, 32/37 HPs)
             Began as a Demonspawn Fighter on Dec 13, 2023.
             Quit the game on level 2 of the Dungeon.
             The game lasted 00:01:51 (1323 turns).

Martska the Trooper (Demonspawn Fighter)            Turns: 1323, Time: 00:01:52

Health: 32/37      AC:  6    Str: 18    XL:     4   Next: 8%
Magic:  4/4        EV:  9    Int:  9    God:
Gold:   105        SH:  8    Dex: 13    Spells: 3/3 levels left

rFire   . . .        h - +1 dagger (speed)
rCold   . . .        c - +0 buckler
rNeg    . . .        b - +0 scale mail
rPois   .            (no helmet)
rElec   .            (no cloak)
rCorr   .            (no gloves)
SInv    .            (no boots)
Will    .....        (no amulet) Stlth
                     (no ring)
HPRegen 0.26/turn    (no ring)
MPRegen 0.18/turn

%: no passive effects
@: no status effects
A: magic regeneration, condensation shield
a: no special abilities


You were on level 2 of the Dungeon.
You visited 1 branch of the dungeon, and saw 3 of its levels.

You collected 125 gold pieces.
You spent 20 gold pieces at shops.

Inventory:

Hand Weapons
 a - a +0 trident
 h - a +1 dagger of speed (weapon)
Armour
 b - a +0 scale mail (worn)
 c - a +0 buckler (worn)
Scrolls
 g - 3 scrolls of enchant weapon {unknown}
 k - a scroll of acquirement {unknown}
 l - a scroll of immolation {unknown}
 m - a scroll of fear {unknown}
 o - 2 scrolls of identify
 p - a scroll of teleportation {unknown}
 r - a scroll of silence {unknown}
 t - a scroll of enchant armour {unknown}
 u - 2 scrolls of torment {unknown}
Potions
 d - a potion of might
 e - 2 potions of cancellation
 f - a potion of flight
 i - a potion of haste {unknown}
 j - 2 potions of mutation {unknown}
 n - a potion of curing {unknown}
 q - 2 potions of ambrosia {unknown}
 s - a potion of heal wounds {unknown}
 v - a potion of lignification {unknown}


   Skills:
 * Level 3.8 Fighting
 - Level 1.7 Polearms
 + Level 3.0 Armour
 * Level 1.8 Dodging
 + Level 3.0 Shields


You had 3 spell levels left.
You didn't know any spells.
Your spell library contained the following spells:

 Spells                   Type           Power      Damage    Failure   Level
 Cigotuvi's Dreadful Rot  Necr/Pois/Air  0%         N/A       94%         2
 Ensorcelled Hibernation  Hex/Ice        0%         N/A       94%         2
 Passwall                 Tmut/Erth      0%         N/A       94%         2
 Ignite Poison            Fire/Tmut/Pois 0%         N/A       99%         3
 Swiftness                Air            0%         N/A       99%         3
 Sticky Flame             Conj/Fire      0%         2d3       100%        4
 Freezing Cloud           Conj/Ice/Air   0%         6-21      100%        5
 Ignition                 Fire           0%         3d3       100%        8


Dungeon Overview and Level Annotations

Branches:
Dungeon (3/15)

Altars:

Shops:
D:1 ?   D:2 =

Annotations:
D:3 Robin


Innate Abilities, Weirdness & Mutations

You regenerate magic rapidly.
A meltable shield of frost defends you. (SH +4)


Message History

The jackal bites you but does no damage.
The goblin misses you. The goblin hits you with a +0 dagger.
The goblin shoots a sling bullet.
The sling bullet hits you but does no damage.
You have reached level 4!
You feel agile.
Your demonic ancestry asserts itself...
Frost condenses into a shield before you.
Unknown command.
The jackal bites you but does no damage.
The goblin hits you but does no damage. The goblin barely misses you. x2
You block the jackal's attack.
You climb upwards.
There is a stone staircase leading down here.
You barely miss the goblin. You puncture the goblin!
You kill the goblin!
The goblin barely misses you. You block the goblin's attack.
You hit the goblin.
You kill the goblin!
The goblin barely misses you.
Things that are here:
a +0 dagger; a goblin corpse You barely miss the goblin.
You hit the goblin.
The goblin is severely wounded.
You block the goblin's attack.
You puncture the goblin!
You kill the goblin!
You block the jackal's attack. The jackal bites you.
There is a stone staircase leading down here.
You see here a +0 dagger.
You puncture the jackal!
You kill the jackal!
You see here a +0 dagger.
There is a stone staircase leading down here.
You see here a +0 dagger.
You start resting.
You feel a little less mighty now.
Are you sure you want to abandon this character and quit the game? (Confirm with "yes".)

################ #######
#####...............
......########.......#######.###.
......[........####### #.# #.
.........##....#############.###.
..........+.....@).....##......#.
##.#####.##....#)#####.##.##.###.
##.# ###.##....#.# #.......# #.
##.# #.........#.#####.##.#### #.
##.###.#.#.###.#....##.##.######.
##.....#.#.# #.#....##.##.#......
##.##..#.#.# #.#......)...#..####
##.##..#.#.###.#.####..##....#
##.##..........#.......####..#


There were no monsters in sight!

Vanquished Creatures
  An adder (D:2)
  A worm (D:2)
  A dart slug (D:2)
  4 ball pythons
  4 endoplasms
  A giant cockroach (D:1)
  9 goblins
  6 hobgoblins
  7 jackals
  4 kobolds (D:1)
  6 bats
  3 frilled lizards
  6 rats
53 creatures vanquished.

Notes
Turn   | Place    | Note
-------+----------+-------------------------------------------
     0 | D:1      | Martska the Demonspawn Fighter began the quest for the Orb.
     0 | D:1      | Reached XP level 1. HP: 18/18 MP: 1/1
    77 | D:1      | Gained mutation: You regenerate magic rapidly. [demonic
                  | ancestry]
    77 | D:1      | Reached XP level 2. HP: 18/24 MP: 2/2
   148 | D:1      | Found Plog's Magic Scroll Shoppe.
   164 | D:1      | Bought a scroll of identify for 20 gold pieces
   194 | D:1      | Reached skill level 1 in Dodging
   301 | D:1      | Reached XP level 3. HP: 28/29 MP: 3/3
   720 | D:2      | Found Deessun's Jewellery Emporium.
  1257 | D:3      | Noticed Robin
  1271 | D:3      | Gained mutation: A meltable shield of frost defends you.
                  | (SH +4) [demonic ancestry]
  1271 | D:3      | Reached XP level 4. HP: 20/37 MP: 4/4
  1323 | D:2      | Quit the game

Illustrated notes

Levels and vault maps discovered:
D:1:      scummos_arrival_star, layout_rooms, serial_shops, shop,
          minmay_close_crescents
D:2:      layout_basic, serial_shops, shop_fountains, minmay_misc_feat_roman
D:3:      layout_loops_ring, uniq_robin, uniq_terence

Skill      XL: |  1  2  3 |
---------------+----------+-----
Dodging        | 1 |  1.8
Armour         | 3 |  3.0
Shields        | 3 |  3.0
Fighting       | |  3.8
Polearms       | |  1.7

Action                     |  1- 3 |  4- 6 || total
---------------------------+-------+-------++-------
  Melee: Trident           |    25 |       ||    25
         Dagger            |   175 |     7 ||   182
    Use: Scroll            |     2 |       ||     2
         Potion            |     1 |       ||     1
 Armour: Scale mail        |   105 |     2 ||   107
  Dodge: Dodged            |    98 |     4 ||   102
  Block: Buckler           |    38 |     4 ||    42
